Cogmind - Beta 13 @@@ ROGUE MODE // 2024.04.05 @ 05:15:39 Player: A Moose Result: Destroyed by as-29705 with Assembled Heavy Rifle Performance ------------- Evolutions (0) 0 Regions Visited (2) 400 Robots Destroyed (13) 65 Value Destroyed (318) 318 Prototype IDs (2) 40 Alien Tech Used (0) 0 Bonus (0) 0 TOTAL SCORE: 823 Bonus ------- None Cogmind --------- Core Integrity 0/250 Matter 300/300 Energy 125/125 System Corruption 0% Temperature Cool (0) Movement Core (250) Ox4 Location -10/Mines Parts ------- > --- POWER (1) -------- Light Ion Engine > --- PROPULSION (2) --- (None) > --- UTILITY (2) ------ Medium Storage Unit Signal Interpreter > --- WEAPON (2) ------- (None) > --- INVENTORY (10) --- Light Ion Engine Light Ion Engine Small Storage Unit Large Matter Pod (150) Terrain Scanner Terrain Scan Processor Seismic Detector Peak State ------------ > --- POWER ------------ Ion Engine > --- PROPULSION ------- Light Treads Light Treads > --- UTILITY ---------- Medium Storage Unit Signal Interpreter > --- WEAPON ----------- Medium Laser Assault Rifle > --- INVENTORY -------- Light Ion Engine Light Ion Engine Light Ion Engine Light Treads Small Storage Unit Large Matter Pod Terrain Scanner Terrain Scan Processor Seismic Detector Small Laser [Rating: 8] Favorites ----------- Power Ion Engine Engine Ion Engine Propulsion Light Treads Treads Light Treads Utility Medium Storage Unit Storage Medium Storage Unit Processor Signal Interpreter Weapon Medium Laser Energy Gun Medium Laser Ballistic Gun Assault Rifle Build | -11 -10 -10 ------- Run | Yrd Mat Min Slots Evolved . | . . . Power . | . . . Propulsion . | . . . Utility . | . . . Weapon . | . . . Parts Attached 13 | 5 4 4 Power 3 | . 1 2 Engine 3 | . 1 2 Core . | . . . Reactor . | . . . Propulsion 4 | 2 1 1 Treads 4 | 2 1 1 Leg . | . . . Wheel . | . . . Hover . | . . . Flight . | . . . Utility 3 | 1 2 . Device . | . . . Storage 2 | 1 1 . Processor 1 | . 1 . Hackware . | . . . Protection . | . . . Artifact . | . . . Weapon 3 | 2 . 1 Energy Gun 2 | 1 . 1 Energy Cannon . | . . . Ballistic Gun 1 | 1 . . Ballistic Cannon . | . . . Launcher . | . . . Special Weapon . | . . . Impact Weapon . | . . . Slashing Weapon . | . . . Piercing Weapon . | . . . Special Melee Weapon . | . . . Unidentified Prototypes . | . . . Parts Lost 7 | . . 7 Power 1 | . . 1 Propulsion 3 | . . 3 Utility . | . . . Weapon 3 | . . 3 Highest Loss Streak 5 | . . 5 To Critical Strikes . | . . . Average Slot Usage (%) 88 | . 87 91 Engine 10 | . 9 13 Treads 27 | . 28 24 Storage 14 | . 14 14 Processor 7 | . 6 14 Energy Gun 14 | . 14 14 Ballistic Gun 13 | . 14 9 Naked Turns . | . . . Heaviest Build 19 | 9 19 19 Greatest Support 40 | 40 40 40 Greatest Overweight (x) 4 | . . 4 Average Overweight (x) . | . . . Largest Inventory Capacity 10 | 8 10 10 Average Capacity 9 | 7 9 10 Most Carried 10 | 5 10 10 Average Carried 8 | 2 8 9 Final Capacity 10 | 8 10 10 Final Carried 10 | 3 10 7 Class Distribution -------------------- 100% | Mutant Dominant Class ---------------- Mutant | -10/Materials Mutant | -10/Mines Resources | -11 -10 -10 ----------- Run | Yrd Mat Min Matter Collected 566 | 201 264 101 Remotely . | . . . Salvage Created 392 | . 299 93 Parts 24 | . 19 5 Haulers Intercepted . | . . . Recyclers Shooed . | . . . Parts Field Recycled . | . . . Retrieved Matter . | . . . Parts Self-Destructed . | . . . Prevented . | . . . Kills | -11 -10 -10 ------- Run | Yrd Mat Min Combat Hostiles Destroyed 11 | . 8 3 Guns 11 | . 8 3 Classes Destroyed 5 | . 4 1 Builder 1 | . 1 . Watcher 2 | . 2 . Swarmer 3 | . 3 . Grunt 7 | . 5 2 Assembled 1 | . . 1 Best Kill Streak 4 | . 4 2 Combat Bots Only 3 | . 3 2 Max Kills in Single Turn 1 | . 1 1 Gunslinging . | . . . Exploded . | . . . Melee . | . . . Uniques/NPCs Destroyed . | . . . Combat | -11 -10 -10 -------- Run | Yrd Mat Min Hostile Shots Fired 92 | . 39 53 Missed 20 | . 9 11 Damage Taken 1074 | . 293 781 Core 268 | . 39 229 Absorbed by Shields . | . . . Core Remaining (%) 100 | 100 . . Volleys Fired 41 | . 29 12 Largest 2 | . 2 2 Hottest 90 | . 70 90 Shots Fired 75 | . 58 17 Gun 75 | . 58 17 Cannon . | . . . Launcher . | . . . Special . | . . . Kinetic 33 | . 29 4 Thermal 42 | . 29 13 Explosive . | . . . Electromagnetic . | . . . Robot Hit Streak 8 | . 6 8 Robot Miss Streak 3 | . 3 3 Penetration Max . | . . . Secondary Targets 3 | . 2 1 Max Gunslinging Chain 1 | . 1 1 Shots Hit Robots 43 | . 32 11 Core Hits 25 | . 16 9 Critical Kills . | . . . Critical Parts Destroyed . | . . . Critical Strikes 2 | . 1 1 Burn 2 | . 1 1 Melee Attacks . | . . . Impact . | . . . Slashing . | . . . Piercing . | . . . Sneak Attacks . | . . . Combat Hostiles . | . . . Follow-up Attacks . | . . . Damage Inflicted 555 | . 418 137 Guns 555 | . 418 137 Cannons . | . . . Explosions . | . . . Melee . | . . . Ramming . | . . . Kinetic 251 | . 216 35 Thermal 304 | . 202 102 Explosive . | . . . Electromagnetic . | . . . Impact . | . . . Slashing . | . . . Piercing . | . . . Highest Corruption . | . . . Average Corruption . | . . . Corruption Purged . | . . . Corruption Blocked . | . . . Overload Shots . | . . . Overflow Damage . | . . . Projectiles . | . . . Explosions . | . . . Melee . | . . . Knockbacks . | . . . Impact . | . . . Kinetic . | . . . Secondary . | . . . Self-Inflicted Damage . | . . . Shots . | . . . Rammed . | . . . Targets Rammed . | . . . Kicked . | . . . Crushed . | . . . Highest Temperature 162 | . 162 54 Average Temperature 57 | . 71 20 Received Heat Transfer 309 | . 102 207 Siege Activations . | . . . Robots Corrupted . | . . . Combat Hostiles . | . . . Parts Fried . | . . . Impact Corruptions . | . . . Robots Melted . | . . . Combat Hostiles . | . . . Parts Melted 2 | . 2 . Heat Transferred 1012 | . 666 346 Parts Sabotaged . | . . . Parts Stolen . | . . . Parts Stripped . | . . . Power Chain Reactions . | . . . Alert | -11 -10 -10 ------- Run | Yrd Mat Min Peak Influence 176 | . 176 72 Initial 22 | . . 22 Average 51 | . 53 59 Maximum Alert Level . | . . . Low Security (%) 100 | 100 100 100 Level 1 . | . . . Level 2 . | . . . Level 3 . | . . . Level 4 . | . . . Level 5 . | . . . High Security . | . . . Max Security . | . . . Squads Dispatched 3 | . 3 . Investigation 1 | . 1 . Extermination . | . . . Reinforcement 2 | . 2 . Assault . | . . . Garrison . | . . . Intercept . | . . . Searches Triggered . | . . . Construction Impeded . | . . . Haulers Reinforced . | . . . Active Scanning Responses . | . . . Cargo Convoy Interrupts . | . . . Stealth | -11 -10 -10 --------- Run | Yrd Mat Min Distress Signals . | . . . Communications Jammed . | . . . Distress Signals . | . . . Times Spotted 18 | . 11 7 Peak Tracking Total 4 | . 3 4 Tactical Retreats . | . . . Traps | -11 -10 -10 ------- Run | Yrd Mat Min Traps Triggered 2 | . 2 . Indirectly . | . . . Trap Hack Attempts . | . . . Triggered . | . . . Disarmed . | . . . Reprogrammed . | . . . Reused . | . . . Traps Extracted . | . . . Installed . | . . . Triggered . | . . . Machines | -11 -10 -10 ---------- Run | Yrd Mat Min Machines Disabled . | . . . Max in Single Turn . | . . . Machines Repaired . | . . . Machines Dismantled . | . . . Machines Sabotaged . | . . . Overloaded Fab Kills . | . . . Hacking | -11 -10 -10 --------- Run | Yrd Mat Min Machines Accessed 5 | . 5 . Terminals 4 | . 4 . Fabricators . | . . . Repair Stations . | . . . Recycling Units 1 | . 1 . Scanalyzers . | . . . Garrison Access . | . . . Total Hacks 11 | . 11 . Successful 7 | . 7 . Failed 4 | . 4 . Catastrophic . | . . . Database Lockouts . | . . . Manual . | . . . Terminals 9 | . 9 . Fabricators . | . . . Repair Stations . | . . . Recycling Units 2 | . 2 . Scanalyzers . | . . . Garrison Access . | . . . Terminal Hacks 6 | . 6 . Robot Analysis 1 | . 1 . Prototype ID Bank 1 | . 1 . Alert Level 1 | . 1 . Locate Traps 3 | . 3 . Fabricator Hacks . | . . . Repair Station Hacks . | . . . Recycling Unit Hacks 1 | . 1 . Report Inventory 1 | . 1 . Scanalyzer . | . . . Garrison Access Hacks . | . . . Unauthorized Hacks . | . . . Terminals . | . . . Fabricators . | . . . Repair Stations . | . . . Recycling Units . | . . . Scanalyzers . | . . . Garrison Access . | . . . Data Cores Recovered . | . . . Used . | . . . Hacking Detections 3 | . 3 . Full Trace Events . | . . . Feedback Events . | . . . Feedback Blocked . | . . . Robot Schematics Acquired . | . . . Robots Built . | . . . Authchips . | . . . Time . | . . . Total Robot Build Rating . | . . . Part Schematics Acquired . | . . . Parts Built . | . . . Authchips . | . . . Time . | . . . Total Part Build Rating . | . . . Parts Repaired . | . . . Time . | . . . Parts Recycled . | . . . Recycled Matter . | . . . Retrieved Matter . | . . . Retrieved Components . | . . . Parts Scanalyzed . | . . . Part Schematics Acquired . | . . . Parts Damaged . | . . . Bothacking | -11 -10 -10 ------------ Run | Yrd Mat Min Used RIF Installer . | . . . Robots Hacked . | . . . Non-combat . | . . . Combat . | . . . Robot Hacks Applied . | . . . Relay Couplers Released . | . . . Fabnet Peak Effective % . | . . . Robots Rewired . | . . . Allies Hacked . | . . . Hacks Repelled . | . . . Allies | -11 -10 -10 -------- Run | Yrd Mat Min Total Allies . | . . . Largest Group . | . . . Highest-Rated Group . | . . . Highest-Rated Ally . | . . . Total Orders . | . . . Ally Attacks . | . . . Total Damage . | . . . Kills . | . . . Allies Corrupted . | . . . Allies Melted . | . . . Intel | -11 -10 -10 ------- Run | Yrd Mat Min Robot Analysis Total 1 | . 1 . Derelict Logs Recovered . | . . . Drone Launches . | . . . Drone Recoveries . | . . . Exploration | -11 -10 -10 ------------- Run | Yrd Mat Min Turns Passed 982 | 58 759 165 Spaces Moved 521 | 35 407 79 Core 12 | 9 . 3 Treads 509 | 26 407 76 Legs . | . . . Wheels . | . . . Hover . | . . . Flight . | . . . Fastest Speed 50 | 50 160 160 Average Speed 158 | 131 160 163 Slowest Speed 250 | 160 160 250 Overloaded Moves . | . . . Propulsion Burnouts . | . . . Robots Hopped . | . . . Cave-ins Triggered . | . . . Exploration Rate (%) 33 | 3 67 31 Regions Visited 2 Branch Regions 1 Pre-discovered Areas . | . . . Known Exits Taken 1 | . 1 . Unknown Exits Taken 1 | 1 . . Scrap Searched 1 | . . 1 Spaces Dug . | . . . Terrain Destroyed . | . . . Melee . | . . . Projectile . | . . . AOE . | . . . Terrain Rammed . | . . . Walls Destroyed . | . . . Machines Disabled . | . . . Actions | -11 -10 -10 --------- Run | Yrd Mat Min Total 602 | 47 456 99 Wait 11 | . 8 3 Move 519 | 34 406 79 Hop . | . . . Pick Up 17 | 8 9 . Fast Attach 1 | . 1 . Attach 10 | 5 2 3 Detach . | . . . Swap 2 | . 1 1 Drop 1 | . . 1 Fire 41 | . 29 12 Melee . | . . . Ram . | . . . Kick . | . . . Crush . | . . . Escape Stasis . | . . . Rewire . | . . . Trap . | . . . Miscellaneous . | . . . Route ------- -11/Scrapyard -10/Materials (discovered 3 exits: *Mat x2 / *Min) -10/Mines History --------- Turn | Location | Event 35 | -11/Scrapyard | Discovered new exit (range 15) 59 | -11/Scrapyard | Entered Materials 279 | -10/Materials | Discovered new exit (range 11) 315 | -10/Materials | Build established: Mutant 478 | -10/Materials | Discovered new exit (range 10) 491 | -10/Materials | Identified exit to Materials 810 | -10/Materials | Discovered new exit (range 6) 816 | -10/Materials | Identified exit to Mines 818 | -10/Materials | Entered Mines 827 | -10/Mines | Met a Derelict bent on vengeance 887 | -10/Mines | Assembled infested the area 964 | -10/Mines | Core integrity fell below 50% 968 | -10/Mines | Core integrity fell below 20% 983 | -10/Mines | Destroyed by as-29705 with Assembled Heavy Rifle Last Messages --------------- Assault Rifle destroyed. as-86837 destroyed. Switching to secondary target: as-88862. Acquired 20 matter. The unstable cave ceiling collapses. Med. Laser destroyed. as-88862 destroyed. The unstable cave ceiling collapses. Lgt. Treads destroyed. Ion Engine destroyed. D-53 Grenadier knocked back. D-53 Grenadier IFF system glitched. The unstable cave ceiling collapses. D-53 Grenadier knocked back. Lgt. Treads destroyed. Sml. Laser destroyed. The unstable cave ceiling collapses. as-82464 destroyed. D-53 Grenadier destroyed. The unstable cave ceiling collapses. Map ----- +----------------------------------------------------+ | ??## ????????????## ????????????? #?????? | | ??# ????????????# ????????????? #?????? | | ??# ##??????????# ???????????? #?????? | | ??# ##??????????# #??????????? #??????? | | ??# ##?????????# ###???????? #??????? | | ?## ####???????# ######### ##?????? | | ?# * ##????????# ## ###???? | | ?# = ! ##????????# #??? | | ?## %=! #######??# ## #?? | | ??#### %% #??# # ####????????? | | ?????## [!= #?## ## #???????????? | | ??????# ##### ### ####? #???????????? | | ??????# #???# ##???? ???????????? | | ??????# ##???# #????? ??????????? | | ??????# #????#### ##???? ??????????? | | ??????# #??????# ## #????? ## ?????????? | | ??????## ##??????# ### #???? ##?# ????????? | | ???????# #???????## #?# #???? ##??#????????? | | ???????# #????????## #?# #??? ####????????? | | ???????# #????????### ### #??? ?????????? | | ???????# #???????## a ## ##? ????????? | | ??????? #???????# # ## ????????? | | ??????? #???????# # # % ???????? | | ???????####??# # ???????? | | ?????????# ???????? | | ????????# # @ ???????? | | ??????? # # ???????? | | ???????? ????????? | | ???????? ## # #????????? | | ????????? ??####### #?????????? | | ????????? ??????????### ##?????????? | | ????????? ?????????????? #??????????? | | ?????????? ???????????????? # ?????????? | | ??????????# ?????????????????? ##????????? | | ???????????#??????????????????? # % #?????????? | | ????????????????????????????????# ## #?????????? | | ????????????????????????????????? % ?? #?????????? | | ?????????????????????????????????? ??#?????????? | | ??????????????????????????????????# #???????????? | | ?????????????????????????????????????????????????? | | ?????????????????????????????????????????????????? | | ?????????????????????????????????????????????????? | | ?????????????????????????????????????????????????? | | ?????????????????????????????????????????????????? | | ?????????????????????????????????????????????????? | | ?????????????????????????????????????????????????? | | ?????????????????????????????????????????????????? | | ?????????????????????????????????????????????????? | | ?????????????????????????????????????????????????? | | ?????????????????????????????????????????????????? | +----------------------------------------------------+ Best States ------------- Heat Dissipation 25 Energy Generation 10 Energy Capacity 250 Matter Stores 300 Matter Capacity 300 Sight Range 16 Terrain Scan Density 10 Evasion (%) 50 Recoil Reduction 2 Item Schematics ----------------- None Robot Schematics ------------------ None Fabricated ------------ Nothing Alien Tech Used ----------------- None Achievements -------------- None Challenges ------------ None Game ------ Seed SalvageAlertAxe Manual? 0 Play Time 00:11:04 Cumulative 17.7 hours Start 2024.04.05 @ 05:03:14 End 2024.04.05 @ 05:15:39 Sessions 1 Manual Loads 0 Difficulty Rogue Special Mode None Game No. 19 Rogue 10 Adventurer 9 Explorer 0 Win Type - Total 0 Types 0/0/0/0/0/0/0/0/0 Lore% 19 Gallery% 29 Achievement% 23 Wizard Run 0 Options --------- Layout 1 ASCII 0 Keyboard 0 Movement Numpad Keybinds 0 Fullscreen 1 Font 24/Smallcaps Map View 50x35 Zoom Use 0% Tactical HUD 0 Map Filters NONE Filters NONE Steam 1 RUN: d20e1e1e-30f3-4cdc-8717-a3d5fd0d78da